NWL (28 & UNDER)
CULVER CITY EXTRAS @ MOOSE JAW GHOSTBUSTERS
08/24/2023
 
TOP OF THE 1ST
Culver City Extras batting - Pitching for Moose Jaw Ghostbusters : RHP Kevin Bader
Pitching: RHP Kevin Bader
Batting: LHB Richard Bell 0-0: Swinging Strike
0-1: Swinging Strike
0-2: Foul Ball, location: 2F
0-2: Foul Ball, location: 2F
0-2: Ball
1-2: SINGLE (Groundball, 56D)
Batting: SHB Cipriano Soto 0-0: Ball
1-0: Called Strike
1-1: Called Strike
1-2: Ball
2-2: Strikes out swinging
Batting: LHB Jason Lambert 0-0: Foul Ball, location: 2F
0-1: Fly out, F7 (Flyball, 78D)
Batting: LHB Ronaldo Gois 0-0: Ball
1-0: Ball
2-0: Ball
3-0: Called Strike
3-1: Swinging Strike
3-2: Strikes out swinging
Top of the 1st over - 0 run(s), 1 hit(s), 0 error(s), 1 left on base; Culver City 0 - Moose Jaw 0
BOTTOM OF THE 1ST
Moose Jaw Ghostbusters batting - Pitching for Culver City Extras : RHP Michael Chapman
Pitching: RHP Michael Chapman
Batting: LHB Dave Stewart 0-0: Ball
1-0: Swinging Strike
1-1: Foul Ball, location: 2F
1-2: Foul Ball, location: 2F
1-2: Ball
2-2: Ball
3-2: Strikes out swinging
Batting: LHB Will Vale 0-0: Ball
1-0: Called Strike
1-1: Ball
2-1: Foul Ball, location: 2F
2-2: Ball
3-2: Strikes out swinging
Batting: RHB Domingo Matos 0-0: SOLO HOME RUN (Flyball, 7D), Distance : 383 ft
Batting: LHB Bartolo Villanueva 0-0: Foul Ball, location: 2F
0-1: Called Strike
0-2: Foul Ball, location: 2F
0-2: Strikes out looking
Bottom of the 1st over - 1 run(s), 1 hit(s), 0 error(s), 0 left on base; Culver City 0 - Moose Jaw 1
TOP OF THE 2ND
Culver City Extras batting - Pitching for Moose Jaw Ghostbusters : RHP Kevin Bader
Batting: RHB Bill Little 0-0: Called Strike
0-1: Foul Ball, location: 2F
0-2: Ball
1-2: Strikes out looking
Batting: RHB Max Rash 0-0: Ground out 4-3 (Groundball, 34)
Batting: RHB Tony Cruz 0-0: Foul Ball, location: 2F
0-1: Ball
1-1: Ball
2-1: Fly out, F2 (Popup, 2LF)
Top of the 2nd over - 0 run(s), 0 hit(s), 0 error(s), 0 left on base; Culver City 0 - Moose Jaw 1
BOTTOM OF THE 2ND
Moose Jaw Ghostbusters batting - Pitching for Culver City Extras : RHP Michael Chapman
Batting: RHB Luis Miguel Sánchez 0-0: Ball
1-0: Fly out, F7 (Flyball, 7S)
Batting: RHB Pedro Meza 0-0: Ball
1-0: SINGLE (Line Drive, 56D)
Batting: RHB Ánibal Pérez 0-0: Ball
Pedro Meza steals 2nd base
1-0: Ball
2-0: Ground out 6-3 (Groundball, 6)
Batting: RHB Ángel García 0-0: Called Strike
0-1: Called Strike
0-2: Strikes out swinging
Bottom of the 2nd over - 0 run(s), 1 hit(s), 0 error(s), 1 left on base; Culver City 0 - Moose Jaw 1
TOP OF THE 3RD
Culver City Extras batting - Pitching for Moose Jaw Ghostbusters : RHP Kevin Bader
Batting: RHB Salvador Medine 0-0: Ball
1-0: Called Strike
1-1: Called Strike
1-2: Foul Ball, location: 2F
1-2: Ground out 4-3 (Groundball, 4S)
Batting: RHB Francisco Rodríguez 0-0: Ground out 5-3 (Groundball, 6S)
Batting: LHB Richard Bell 0-0: Swinging Strike
0-1: Called Strike
0-2: Strikes out swinging
Top of the 3rd over - 0 run(s), 0 hit(s), 0 error(s), 0 left on base; Culver City 0 - Moose Jaw 1
BOTTOM OF THE 3RD
Moose Jaw Ghostbusters batting - Pitching for Culver City Extras : RHP Michael Chapman
Batting: LHB Carlos López 0-0: Ball
1-0: Ball
2-0: Foul Ball, location: 2F
2-1: Foul Ball, location: 2F
2-2: Strikes out swinging
Batting: LHB Dave Stewart 0-0: Ball
1-0: Foul Ball, location: 2F
1-1: Called Strike
1-2: Ball
2-2: Ball
3-2: Foul Ball, location: 2F
3-2: Ground out U3 (Groundball, 3)
Batting: LHB Will Vale 0-0: SINGLE (Groundball, 4MD)
Batting: RHB Domingo Matos 0-0: Called Strike
0-1: Ball
1-1: Called Strike
1-2: Strikes out swinging
Bottom of the 3rd over - 0 run(s), 1 hit(s), 0 error(s), 1 left on base; Culver City 0 - Moose Jaw 1
TOP OF THE 4TH
Culver City Extras batting - Pitching for Moose Jaw Ghostbusters : RHP Kevin Bader
Batting: SHB Cipriano Soto 0-0: Ball
1-0: Foul Ball, location: 2F
1-1: Foul Ball, location: 2F
1-2: Strikes out swinging
Batting: LHB Jason Lambert 0-0: Ball
1-0: Ball
2-0: Foul Ball, location: 2F
2-1: Ball
3-1: Foul Ball, location: 2F
3-2: Ground out 4-3 (Groundball, 4)
Batting: LHB Ronaldo Gois 0-0: Fly out, F9 (Line Drive, 9S)
Top of the 4th over - 0 run(s), 0 hit(s), 0 error(s), 0 left on base; Culver City 0 - Moose Jaw 1
BOTTOM OF THE 4TH
Moose Jaw Ghostbusters batting - Pitching for Culver City Extras : RHP Michael Chapman
Batting: LHB Bartolo Villanueva 0-0: Ground out 5-3 (Groundball, 5D)
Batting: RHB Luis Miguel Sánchez 0-0: Ball
1-0: Ball
2-0: Ball
3-0: Base on Balls
Batting: RHB Pedro Meza 0-0: Swinging Strike
0-1: Ball
1-1: Foul Ball, location: 2F
1-2: Ball
2-2: Strikes out looking
Batting: RHB Ánibal Pérez 0-0: Ball
1-0: Ground out 4-3 (Groundball, 4)
Bottom of the 4th over - 0 run(s), 0 hit(s), 0 error(s), 1 left on base; Culver City 0 - Moose Jaw 1
TOP OF THE 5TH
Culver City Extras batting - Pitching for Moose Jaw Ghostbusters : RHP Kevin Bader
Batting: RHB Bill Little 0-0: Ball
1-0: Ball
2-0: Swinging Strike
2-1: Foul Ball, location: 2F
2-2: Ball
3-2: Strikes out swinging
Batting: RHB Max Rash 0-0: Ball
1-0: Ball
2-0: Fly out, F3 (Popup, 3F)
Batting: RHB Tony Cruz 0-0: Ground out 5-3 (Groundball, 56S)
Top of the 5th over - 0 run(s), 0 hit(s), 0 error(s), 0 left on base; Culver City 0 - Moose Jaw 1
BOTTOM OF THE 5TH
Moose Jaw Ghostbusters batting - Pitching for Culver City Extras : RHP Michael Chapman
Batting: RHB Ángel García 0-0: Called Strike
0-1: Called Strike
0-2: Strikes out looking
Batting: LHB Carlos López 0-0: Ground out U3 (Groundball, 3L)
Batting: LHB Dave Stewart 0-0: Called Strike
0-1: Called Strike
0-2: Ball
1-2: Foul Ball, location: 2F
1-2: Strikes out swinging
Bottom of the 5th over - 0 run(s), 0 hit(s), 0 error(s), 0 left on base; Culver City 0 - Moose Jaw 1
TOP OF THE 6TH
Culver City Extras batting - Pitching for Moose Jaw Ghostbusters : RHP Kevin Bader
Batting: RHB Salvador Medine 0-0: Called Strike
0-1: Ground out 5-3 (Groundball, 5S)
Batting: RHB Francisco Rodríguez 0-0: Ball
1-0: Called Strike
1-1: Ball
2-1: Foul Ball, location: 2F
2-2: Ball
3-2: Foul Ball, location: 2F
3-2: Foul Ball, location: 2F
3-2: Base on Balls
Batting: LHB Richard Bell 0-0: Ball
Francisco Rodríguez steals 2nd base
1-0: Called Strike
1-1: Called Strike
1-2: Ball
2-2: Fly out, F7 (Flyball, 78D)
Batting: SHB Cipriano Soto 0-0: Foul Ball, location: 2F
0-1: Swinging Strike
0-2: Strikes out looking
Top of the 6th over - 0 run(s), 0 hit(s), 0 error(s), 1 left on base; Culver City 0 - Moose Jaw 1
BOTTOM OF THE 6TH
Moose Jaw Ghostbusters batting - Pitching for Culver City Extras : RHP Michael Chapman
Batting: LHB Will Vale 0-0: Ball
1-0: Called Strike
1-1: Fly out, F6 (Line Drive, 6)
Batting: RHB Domingo Matos 0-0: Ball
1-0: Ball
2-0: Ball
3-0: Base on Balls
Batting: LHB Bartolo Villanueva 0-0: Ball
1-0: Ball
2-0: Ball
3-0: Called Strike
3-1: Called Strike
3-2: Fly out, F8 (Line Drive, 8LM)
Batting: RHB Luis Miguel Sánchez 0-0: Called Strike
0-1: Ball
1-1: Foul Ball, location: 2F
1-2: Ball
Domingo Matos steals 2nd base
2-2: Strikes out swinging
Bottom of the 6th over - 0 run(s), 0 hit(s), 0 error(s), 1 left on base; Culver City 0 - Moose Jaw 1
TOP OF THE 7TH
Culver City Extras batting - Pitching for Moose Jaw Ghostbusters : RHP Kevin Bader
Batting: LHB Jason Lambert 0-0: DOUBLE (Line Drive, 89XD)
Pinch Hitting: LHB Stan Bates 0-0: Ball
1-0: Called Strike
1-1: Called Strike
1-2: Fly out, F6 (Popup, 56D)
Batting: RHB Bill Little 0-0: Called Strike
0-1: Swinging Strike
0-2: Strikes out swinging
Pinch Hitting: LHB Larry Howard 0-0: Called Strike
0-1: Ball
1-1: Fly out, F9 (Flyball, 9LD)
Top of the 7th over - 0 run(s), 1 hit(s), 0 error(s), 1 left on base; Culver City 0 - Moose Jaw 1
BOTTOM OF THE 7TH
Moose Jaw Ghostbusters batting - Pitching for Culver City Extras : RHP Michael Chapman
Pitching: RHP Jesse Jones
Now at 3B: Cal Rogers
Now in LF: Jesús Gonzáles
Batting: RHB Pedro Meza 0-0: Foul Ball, location: 2F
0-1: Foul Ball, location: 2F
0-2: Foul Ball, location: 2F
0-2: Strikes out looking
Batting: RHB Ánibal Pérez 0-0: Called Strike
0-1: Ground out 6-3 (Groundball, 6)
Batting: RHB Ángel García 0-0: Ball
1-0: Ball
2-0: Ball
3-0: Called Strike
3-1: Base on Balls
Batting: LHB Carlos López 0-0: Foul Ball, location: 2F
0-1: Ground out 4-3 (Groundball, 4)
Bottom of the 7th over - 0 run(s), 0 hit(s), 0 error(s), 1 left on base; Culver City 0 - Moose Jaw 1
TOP OF THE 8TH
Culver City Extras batting - Pitching for Moose Jaw Ghostbusters : RHP Kevin Bader
Batting: RHB Tony Cruz 0-0: Ball
1-0: Ball
2-0: Reached on error, E4 (Groundball, 4)
Batting: RHB Salvador Medine 0-0: Ball
1-0: Foul Ball, location: 2F
1-1: Foul Ball, location: 2F
1-2: Foul Ball, location: 2F
1-2: Ball
2-2: Foul Ball, location: 2F
2-2: Foul Ball, location: 2F
2-2: SINGLE (Line Drive, 6MD)
Tony Cruz to third
Pitching: RHP Daniel Félix
Pinch Hitting: RHB Júlio Figueroa 0-0: Ball
1-0: Ball
2-0: Foul Ball, location: 2F
2-1: Ground out 5-3 (Groundball, 5L)
Salvador Medine to second
Batting: LHB Richard Bell 0-0: Foul Ball, location: 2F
0-1: Ball
1-1: Foul Ball, location: 2F
1-2: Fly out, F8 (Flyball, 8LD)
Runner from 3rd tags up, SCORES, no throw
Salvador Medine to third
Batting: SHB Cipriano Soto 0-0: Ball
1-0: Foul Ball, location: 2F
1-1: Ball
2-1: Fly out, F8 (Flyball, 8LM)
Top of the 8th over - 1 run(s), 1 hit(s), 1 error(s), 1 left on base; Culver City 1 - Moose Jaw 1
BOTTOM OF THE 8TH
Moose Jaw Ghostbusters batting - Pitching for Culver City Extras : RHP Jesse Jones
Now at SS: Roberto Gonzáles
Batting: LHB Dave Stewart 0-0: Ball
1-0: Swinging Strike
1-1: Ball
2-1: Swinging Strike
2-2: Ball
3-2: Strikes out looking
Batting: LHB Will Vale 0-0: Foul Ball, location: 2F
0-1: Foul Ball, location: 2F
0-2: Strikes out swinging
Batting: RHB Domingo Matos 0-0: Ball
1-0: Ball
2-0: Ball
3-0: Base on Balls
Batting: LHB Bartolo Villanueva 0-0: Ball
1-0: Ball
2-0: Fly out, F8 (Line Drive, 8LM)
Bottom of the 8th over - 0 run(s), 0 hit(s), 0 error(s), 1 left on base; Culver City 1 - Moose Jaw 1
TOP OF THE 9TH
Culver City Extras batting - Pitching for Moose Jaw Ghostbusters : RHP Daniel Félix
Pitching: RHP Raúl Saltines
Batting: LHB Jason Lambert 0-0: Called Strike
0-1: Ball
1-1: Foul Ball, location: 2F
1-2: SINGLE (Groundball, 3L)
Pinch Runner at 1st Jesús Hernández:
Batting: RHB Cal Rogers 0-0: Ball
1-0: Ball
2-0: Swinging Strike
2-1: Foul Ball, location: 2F
2-2: Strikes out looking
Pinch Hitting: RHB Luis Sáenz 0-0: Ball
1-0: SINGLE (Groundball, 25) (infield hit)
Jesús Hernández to second
Batting: RHB Jesús Gonzáles 0-0: Swinging Strike
0-1: Swinging Strike
0-2: Ball
1-2: TRIPLE (Line Drive, 5L)
Jesús Hernández scores
Luis Sáenz scores
Batting: RHB Tony Cruz 0-0: Fly out, F8 (Flyball, 89M)
Runner from 3rd tags up, SCORES, no throw
Pitching: RHP Andrés Rivera
Batting: RHB Salvador Medine 0-0: Ball
1-0: Fly out, F1 (Popup, 15S)
Top of the 9th over - 3 run(s), 3 hit(s), 0 error(s), 0 left on base; Culver City 4 - Moose Jaw 1
BOTTOM OF THE 9TH
Moose Jaw Ghostbusters batting - Pitching for Culver City Extras : RHP Jesse Jones
Pitching: LHP Artie Nelson
Now at C: Sixto Banda
Now in RF: Jesús Hernández
Batting: RHB Luis Miguel Sánchez 0-0: Called Strike
0-1: Ground out 1-3 (Groundball, 15)
Batting: RHB Pedro Meza 0-0: Ball
1-0: Fly out, F7 (Flyball, 7S)
Batting: RHB Ánibal Pérez 0-0: Foul Ball, location: 2F
0-1: Ground out 1-3 (Groundball, 13S)
Bottom of the 9th over - 0 run(s), 0 hit(s), 0 error(s), 0 left on base; Culver City 4 - Moose Jaw 1
This league is powered by Out of the Park Baseball, the baseball management simulation game for PC, Mac and Linux
Wednesday, December 2nd, 2015 - OOTP Baseball 16.8 Build 38